AoeStats
← sky_wu

Black Forest

510258339Analyzed
4v4 RM · 2d ago on Sep 30, 2026· 43m 10s· 8 players
Game mode
Random Map
Map size
Large (8 player)
Population
200
Speed
Normal
Resources
Standard
Victory
Conquest
Starting age
Dark Age
Ending age
Imperial Age
RankedLock teamsTeams togetherTeam positionsShared explorationLock speedFull tech treeHidden civsTurbo modeCheats
Victory
Defeat
🇳🇿 Bohemians · New Zealand
1197
+13
🇳🇿 Berbers · New Zealand
1129
+16
🇨🇳 Wu · China
1127
+16
🇳🇿 Saxons · New Zealand
1106
+17
🇯🇵 Mongols · Japan
1177
-18
🇹🇼 Persians · Taiwan
1131
-16
🇨🇦 Spanish · Canada
1095
-14
🇳🇱 Bohemians · Netherlands
1094
-14
DF.FISH
1:30 Loom
11:30 Feudal Age
15:55 Castle Age
14:28 Double-Bit Axe
15:46 Horse Collar
20:32 Forging
21:18 Arson
24:10 Wheelbarrow
27:59 Bow Saw
29:00 Squires
29:36 Iron Casting
29:02 Scale Mail Armor
34:58 Imperial Age
35:41 Pikeman
37:04 Halberdier
38:56 Chain Mail Armor
41:45 Plate Mail Armor
42:16 Blast Furnace
MarshalOfNewZealand
4:02 Loom
11:16 Feudal Age
11:50 Double-Bit Axe
15:25 Castle Age
15:02 Horse Collar
16:27 Heavy Plow
16:42 Bow Saw
21:14 Wheelbarrow
24:18 Hand Cart
24:28 Town Watch
25:44 Caravan
25:47 Scale Mail Armor
26:35 Scale Barding Armor
27:18 Forging
28:00 Chain Mail Armor
27:56 Squires
28:13 Bloodlines
29:13 Iron Casting
29:27 Chain Barding Armor
29:35 Husbandry
29:38 Gambesons
31:37 Fletching
35:47 Imperial Age
33:16 Arson
33:44 Gold Mining
34:08 Bodkin Arrow
35:40 Sanctity
34:56 Clerical Recruitment
35:40 Town Patrol
35:36 Pikeman
35:51 Elite Varangian Guard
36:04 Cavalier
37:17 Plate Mail Armor
37:05 Halberdier
38:53 Block Printing
39:04 Illumination
39:22 Theocracy
38:26 Shield Wall
39:35 Conscription
scrawnny12
0:59 Loom
12:22 Feudal Age
13:06 Horse Collar
13:16 Double-Bit Axe
14:01 Man-at-Arms
22:12 Castle Age
20:33 Stone Mining
22:22 Long Swordsman
23:22 Scale Mail Armor
23:34 Forging
23:48 Heavy Plow
24:16 Gold Mining
32:38 Wheelbarrow
36:03 Imperial Age
34:02 Fletching
35:16 Bodkin Arrow
36:21 Stone Shaft Mining
36:28 Gold Shaft Mining
36:29 Ballistics
37:01 Thumb Ring
37:26 Bloodlines
37:16 Husbandry
37:44 Conscription
37:31 Bracer
37:31 Padded Archer Armor
39:14 Chemistry
[OTM]thebearjew
5:10 Loom
10:15 Feudal Age
13:04 Wheelbarrow
15:27 Castle Age
14:18 Double-Bit Axe
14:28 Horse Collar
18:47 Heavy Plow
19:48 Bow Saw
29:03 Imperial Age
28:21 Chemistry
26:47 Pikeman
27:50 Scale Mail Armor
28:01 Forging
27:41 Fletching
28:29 Hand Cart
29:25 Squires
30:49 Two-Man Saw
30:20 Siege Engineers
30:21 Halberdier
30:47 Arson
35:33 Chain Mail Armor
35:54 Iron Casting
35:15 Bodkin Arrow
35:20 Padded Archer Armor
35:27 Hussite Reforms
35:43 Conscription
35:29 Wagenburg Tactics
34:54 Houfnice
42:25 Caravan
42:27 Bracer
42:43 Leather Archer Armor
42:58 Plate Mail Armor
43:29 Blast Furnace
42:35 Scale Barding Armor
41:52 Elite Hussite Wagon
42:38 Hussite Reforms
42:24 Town Watch
Hungry Hippo
1:02 Loom
12:24 Feudal Age
16:55 Castle Age
15:46 Double-Bit Axe
15:50 Horse Collar
28:18 Scale Barding Armor
28:34 Bloodlines
28:47 Husbandry
29:08 Forging
30:51 Chain Barding Armor
34:22 Gold Mining
34:23 Stone Mining
35:21 Heavy Plow
35:35 Bow Saw
36:56 Iron Casting
38:30 Wheelbarrow
37:40 Town Watch
41:14 Imperial Age
39:21 Wheelbarrow
41:43 Cavalier
sada-aki
3:22 Loom
11:04 Feudal Age
12:21 Double-Bit Axe
16:00 Castle Age
14:22 Horse Collar
17:10 Bow Saw
24:32 Caravan
27:15 Gold Mining
27:17 Stone Mining
30:47 Imperial Age
29:52 Wheelbarrow
31:03 Hand Cart
32:36 Chemistry
32:05 Drill
31:31 Capped Ram
32:33 Siege Ram
32:37 Heavy Scorpion
36:54 Gold Shaft Mining
36:54 Stone Shaft Mining
sky_wu
3:01 Loom
13:43 Feudal Age
21:48 Castle Age
19:39 Double-Bit Axe
19:38 Horse Collar
22:49 Bow Saw
24:33 Heavy Plow
30:01 Wheelbarrow
33:05 Hand Cart
33:31 Kamandaran
33:37 Crossbowman
35:18 Thumb Ring
36:58 Ballistics
36:53 Fletching
37:03 Padded Archer Armor
BlandToaster625
5:27 Loom
12:36 Feudal Age
14:40 Double-Bit Axe
14:37 Horse Collar
17:09 Castle Age
21:25 Imperial Age
19:57 Bow Saw
22:15 Chemistry
24:18 Two-Man Saw
25:22 Heavy Plow
33:12 Fletching
33:45 Ballistics
33:16 Guard Tower
33:11 Arrowslits
33:37 Fortified Wall
33:23 Murder Holes
33:50 Bodkin Arrow
34:33 Wheelbarrow
33:43 Town Watch
35:34 Bracer
Connection lost

Rejoining the realm…

Still unreachable

The connection could not be restored.

Session expired

The server has moved on; the page needs a fresh start.